 Dungeon Crawl Stone Soup version 0.17-a0-1508-ge7f3dc3 (webtiles) character file.

2130 Chiseanne the Skirmisher (level 9, -4/71 HPs)
             Began as a Demonspawn Warper on July 10, 2015.
             Was an Initiate of Gozag.
             Splashed by a jelly's acid (12 damage)
             ... on level 6 of the Dungeon.
             The game lasted 00:22:23 (5887 turns).

Chiseanne the Skirmisher (Demonspawn Warper)        Turns: 5887, Time: 00:22:24

Health: -4/71      AC:  3    Str: 14      XL:     9   Next: 9%
Magic:  15/15      EV: 11    Int: 14      God:    Gozag
Gold:   603        SH:  4    Dex: 10 (11) Spells: 5 memorised, 6 levels left

rFire  . . .     SeeInvis .     a - +4 short sword (drain)
rCold  . . .     Clarity  .     p - +0 ring mail
rNeg   . . .     SustAt   .     n - +0 buckler
rPois  .         Gourm    .     (no helmet)
rElec  .         Spirit   .     y - +0 cloak
rCorr  .         Warding  .     (no gloves)
rMut   .         Stasis   .     G - +1 pair of boots
MR     +....                    (no amulet)
Stlth  ..........               (no ring)
                                k - ring of protection from magic

@: corroded equipment, somewhat resistant to hostile enchantments, extremely
unstealthy
A: hooves 1, rough black scales 3
a: Potion Petition, Call Merchant, Bribe Branch, Renounce Religion


You were on level 6 of the Dungeon.
You worshipped Gozag.
Gozag was noncommittal.
You were not hungry.

You visited 1 branch of the dungeon, and saw 6 of its levels.
You also visited: Sewer.

You collected 685 gold pieces.
You paid 82 gold pieces to Gozag.

Inventory:

Hand weapons
 a - a +4 short sword of draining (weapon)
 s - a +1 hand axe of flaming
 u - a +0 war axe
Missiles
 h - 60 sling bullets
 i - 7 tomahawks (quivered)
 x - 54 bolts
Armour
 n - a +0 buckler (worn)
 p - a +0 ring mail (worn)
 y - a +0 cloak (worn)
 G - a +1 pair of boots (worn)
Magical staves
 w - an uncursed staff of power
Jewellery
 k - a ring of protection from magic (left hand)
Scrolls
 b - 3 scrolls of fog
 d - a scroll of blinking
 g - a scroll of recharging
 H - a scroll of remove curse
Potions
 e - a potion of ambrosia
 j - a potion of heal wounds {unknown}
 l - a potion of magic {unknown}
 o - a potion of might {unknown}
 q - 2 potions of curing
 r - a potion of degeneration {unknown}
 v - a potion of brilliance {unknown}
 A - a potion of cancellation {unknown}
 B - a potion of poison {unknown}
 C - 3 potions of mutation {unknown}
 D - a potion of beneficial mutation {unknown}
 F - a potion of resistance {unknown}
Books
 c - a book of Spatial Translocations

   Spells                             Type                      Level
   a - Apportation                    Translocation                1
   b - Blink                          Translocation                2
   c - Shroud of Golubria             Charms/Translocation         2
   d - Portal Projectile              Translocation                3
   e - Teleport Other                 Translocation                3
   f - Passage of Golubria            Translocation                4
 I - a book of Party Tricks

   Spells                             Type                      Level
   a - Summon Butterflies             Summoning                    1
   b - Apportation                    Translocation                1
   c - Tukima's Dance                 Hexes                        3
   d - Alistair's Intoxication        Transmutation/Poison         4
   e - Invisibility                   Hexes                        6
Comestibles
 f - 7 bread rations
 m - 5 meat rations
 t - 2 beef jerkies
 z - 7 fruits
 J - a slice of pizza


   Skills:
 * Level 6.9 Fighting
 - Level 1.7 Axes
 - Level 0.8 Throwing
 * Level 5.7 Armour
 - Level 3.4 Dodging
 * Level 2.9 Shields
 + Level 4.5 Spellcasting
 + Level 4.5 Translocations


You had 6 spell levels left.
You knew the following spells:

 Your Spells              Type           Power        Failure   Level  Hunger
a - Apportation           Tloc           ###.......   8%          1    None
b - Blink                 Tloc           N/A          12%         2    ##.....
c - Shroud of Golubria    Chrm/Tloc      #.........   28%         2    ##.....
d - Portal Projectile     Tloc           ###...       21%         3    ###....
e - Teleport Other        Tloc           ###.....     21%         3    ###....


Dungeon Overview and Level Annotations

Branches:
Dungeon (6/15)             Temple (0/1) D:5

Altars:
Ashenzari
Cheibriados
Gozag
Nemelex Xobeh
Ru
Vehumet
The Shining One
Jiyva


Innate Abilities, Weirdness & Mutations

You have large cloven feet.
You are completely covered in rough black scales (AC +10, Dex -3).


Message History

The jelly is severely wounded.
The jelly hits you.
You are splashed with acid!
The acid burns!
* * * LOW HITPOINT WARNING * * *
You hit the jelly but do no damage.
Your hands burn!
* * * LOW HITPOINT WARNING * * *
The jelly is severely wounded.
The jelly jiggles.
The jelly hits you but does no damage.
You hit the jelly but do no damage.
Your hands burn!
* * * LOW HITPOINT WARNING * * *
The jelly is severely wounded.
You block the jelly's attack.
You hit the jelly but do no damage. You drain the jelly!
Your hands burn!
* * * LOW HITPOINT WARNING * * *
The jelly is almost dead.
The jelly hits you but does no damage. The jelly hits you.
* * * LOW HITPOINT WARNING * * *
You are splashed with acid!
The acid burns!
You die...
Your body crumbles into a pile of gold.

...... ._..###
...#>##
.....####$
#$......+ #....#
#.#.## #J# # #@#
#.### #+# #...#
#.# ###)# #.#
#.# ##.##
#.########...###
#.##............
#.##r#####...#.#
#...5...##..##.#


You could see a jelly.

Vanquished Creatures
  Grinder (D:3)
  Sigmund (D:4)
  Eustachio (D:6)
  2 orc warriors (D:6)
  An ice beast (D:6)
  An ogre (D:4)
  2 centaurs
  A phantom (D:4)
  A sky beast (D:5)
  2 giant frogs (Sewer)
  A scorpion (D:6)
  2 crimson imps (D:5)
  3 orc priests
  A hound (D:6)
  2 jellies (D:6)
  4 orc wizards
  2 worker ants
  2 iguanas
  A worker ant zombie (D:6)
  11 adders
  A shadow imp (D:6)
  3 oozes
  An adder zombie (D:5)
  2 worms (D:3)
  5 giant geckos
  28 orcs
  3 ball pythons
  11 bats
  A bat zombie (D:5)
  9 goblins
  11 hobgoblins
  10 jackals
  10 giant cockroaches
  A giant gecko zombie (D:6)
  10 giant newts
  A jackal zombie (D:6)
  9 kobolds
  5 quokkas
  A quokka skeleton (D:5)
  11 rats
  2 butterflies (D:5)
177 creatures vanquished.

Notes
Turn   | Place    | Note
--------------------------------------------------------------
     0 | D:1      | Chiseanne the Demonspawn Warper began the quest for the Orb.
     0 | D:1      | Reached XP level 1. HP: 16/16 MP: 3/3
   104 | D:1      | Gained mutation: You are partially covered in rough black scales (AC +4, Dex -1). [demonic ancestry]
   104 | D:1      | Reached XP level 2. HP: 10/23 MP: 5/5
   701 | D:1      | Learned a level 2 spell: Blink
   704 | D:1      | Learned a level 2 spell: Shroud of Golubria
   843 | D:2      | Found a snail-covered altar of Cheibriados.
   980 | D:2      | Reached skill level 3 in Fighting
   980 | D:2      | Gained mutation: You are mostly covered in rough black scales (AC +7, Dex -2). [demonic ancestry]
   980 | D:2      | Reached XP level 3. HP: 25/29 MP: 6/6
  1139 | D:2      | Reached skill level 1 in Armour
  1535 | D:3      | Found a glowing drain.
  1590 | D:3      | Reached XP level 4. HP: 22/35 MP: 6/8
  1644 | Sewer    | Entered a sewer
  1723 | Sewer    | Gained mutation: You are completely covered in rough black scales (AC +10, Dex -3). [demonic ancestry]
  1723 | Sewer    | Reached XP level 5. HP: 39/41 MP: 9/9
  1946 | Sewer    | Noticed a giant frog
  1957 | Sewer    | Killed a giant frog
  1980 | Sewer    | Noticed a giant frog
  1988 | Sewer    | Killed a giant frog
  1988 | Sewer    | Reached skill level 4 in Fighting
  1988 | Sewer    | Reached XP level 6. HP: 44/48 MP: 10/10
  2186 | D:3      | Learned a level 3 spell: Portal Projectile
  2190 | D:3      | Learned a level 3 spell: Teleport Other
  2371 | D:3      | Noticed Grinder
  2404 | D:3      | Killed Grinder
  2604 | D:3      | Found a radiant altar of Vehumet.
  2733 | D:3      | Reached XP level 7. HP: 55/55 MP: 12/12
  2988 | D:4      | Found a shattered altar of Ashenzari.
  3408 | D:4      | Noticed Sigmund
  3419 | D:4      | Killed Sigmund
  3419 | D:4      | Reached skill level 5 in Fighting
  3515 | D:4      | Found a glowing golden altar of the Shining One.
  3961 | D:5      | Entered Level 5 of the Dungeon
  3965 | D:5      | Found a sparkling altar of Nemelex Xobeh.
  3965 | D:5      | Found an opulent altar of Gozag.
  3973 | D:5      | Became a worshipper of Gozag Ym Sagoz the Greedy
  4043 | D:5      | Reached XP level 8. HP: 62/62 MP: 14/14
  4278 | D:5      | Found a staircase to the Ecumenical Temple.
  4339 | D:5      | Identified a scroll of acquirement
  4510 | D:5      | Reached skill level 1 in Shields
  4797 | D:5      | Reached skill level 6 in Fighting
  5041 | D:6      | Reached skill level 5 in Armour
  5301 | D:6      | Found a sacrificial altar of Ru.
  5682 | D:6      | Noticed Eustachio
  5767 | D:6      | Killed Eustachio
  5767 | D:6      | Gained mutation: You have large cloven feet. [demonic ancestry]
  5767 | D:6      | Reached XP level 9. HP: 53/71 MP: 15/15
  5857 | D:6      | Found a viscous altar of Jiyva.
  5887 | D:6      | Splashed by a jelly's acid

Vault maps used:
D:1:      onia_arrival_handbag
D:2:      cheibriados_altar_1
D:3:      nicolae_overflow_crystal_walls, gup_sewer_entry_glass, dk_vineyard_3,
          uniq_grinder
D:4:      cheibrodos_ashenzari_chains, kennysheep_little_box, uniq_sigmund
D:5:      grunt_temple_overflow_opulence, minmay_temple_entry_butterflies,
          first_bread
D:6:      nicolae_ru_awakened_eye, jiyva_altar_1, uniq_eustachio
Sewer:    sewer_frog_island_01

Action                   |  1- 3 |  4- 6 |  7- 9 || total
-------------------------+-------+-------+-------++-------
Melee: Hand axe          |    44 |       |       ||    44
       Short sword       |    86 |   147 |   498 ||   731
Throw: Tomahawk          |     6 |     7 |    19 ||    32
 Cast: Apportation       |       |     2 |       ||     2
       Shroud of Golubri |       |       |     1 ||     1
  Use: Scroll            |     6 |     2 |     7 ||    15
       Potion            |       |     1 |       ||     1
 Stab: Distracted        |       |       |     1 ||     1
  Eat: Chunk             |     2 |     5 |     4 ||    11
       Fruit             |       |       |     8 ||     8
